 Dungeon Crawl Stone Soup version 0.18.1-48-g4cf74bf (webtiles) character file.

217 Crag the Chopper (level 5, -1/45 HPs)
             Began as a Hill Orc Fighter on July 29, 2016.
             Slain by an orc wizard
             ... wielding a cursed +0 dagger
              (7 damage)
             ... on level 5 of the Dungeon.
             The game lasted 00:06:40 (2804 turns).

Crag the Chopper (Hill Orc Fighter)                 Turns: 2804, Time: 00:06:41

Health: -1/45      AC:  4    Str: 20    XL:     5   Next: 94%
Magic:  5/5        EV:  8    Int:  8    God:
Gold:   121        SH:  9    Dex: 12    Spells: 0 memorised, 4 levels left

rFire  + . .     SeeInvis .     a - +0 war axe
rCold  . . .     Gourm    .     y - +2 robe "Atooq" {rF+ Dex+2}
rNeg   . . .     Faith    .     c - +0 shield
rPois  .         Spirit   .     (no helmet)
rElec  .         Dismiss  .     (no cloak)
rCorr  .         Reflect  .     (no gloves)
SustAt .         Harm     .     (no boots)
MR     .....                    (no amulet)
Stlth  +.........               (no ring)
                                (no ring)

@: not resistant to hostile enchantments, very unstealthy
A: no striking features
a: no special abilities


You were on level 5 of the Dungeon.
You were not hungry.

You visited 1 branch of the dungeon, and saw 5 of its levels.

You collected 121 gold pieces.

Inventory:

Hand Weapons
 a - a +0 war axe (weapon)
Armour
 b - a +0 scale mail
 c - a +0 shield (worn)
 l - a +0 pair of gloves
 y - the +2 robe "Atooq" (worn) {rF+ Dex+2}
   (You found it on level 5 of the Dungeon)

   It affects your dexterity (+2).
   It protects you from fire.
Wands
 w - a wand of lightning (7/15)
Scrolls
 e - 2 scrolls of remove curse {unknown}
 g - 6 scrolls of identify {unknown}
 i - 3 scrolls of fear {unknown}
 k - 3 scrolls of amnesia {unknown}
 m - a scroll of blinking {unknown}
 n - 5 scrolls of noise {unknown}
 r - 2 scrolls of magic mapping {unknown}
 s - a scroll of recharging {unknown}
Potions
 d - a potion of might
 h - a potion of beneficial mutation {unknown}
 j - 7 potions of curing {unknown}
 p - 2 potions of ambrosia {unknown}
 q - a potion of brilliance {unknown}
 t - a potion of berserk rage {unknown}
 u - a potion of heal wounds {unknown}
Comestibles
 f - 4 bread rations
 o - a beef jerky
 v - 3 chunks of flesh
 x - a royal jelly


   Skills:
 - Level 3.6 Fighting
 + Level 7.9 Axes
 - Level 3.2 Armour
 - Level 3.2 Shields


You had 4 spell levels left.
You didn't know any spells.

Dungeon Overview and Level Annotations

Branches:
Dungeon (5/15)
 Temple: D:4-7

Altars:
Ashenzari
Pakellas
The Shining One

Annotations:
D:4 thepunisher's ghost, amateur DECj


Message History

You slash the orc wizard!
You kill the orc wizard!
Your life force feels restored.
You barely miss something.
You hear some strange, mumbled words.
A magic dart appears from out of thin air!
The magic dart hits you!
* * * LOW HITPOINT WARNING * * *
You closely miss something. Something hits you but does no damage.
You closely miss something. Something hits you but does no damage.
Something hits you.
* * * LOW HITPOINT WARNING * * *
You hit something but do no damage. Something hits you but does no damage.
You miss something. Something hits you.
* * * LOW HITPOINT WARNING * * *
Your shield prevents you from hitting something.
Something hits you.
* * * LOW HITPOINT WARNING * * *
You barely miss something. Something hits you!
You die...

...# .##
....####..##
.....#....####.
#.............
#...........
#.........#
#.†{....#
#..@)..#
###?...# ##...#
##..## #...#
##...# ##...##
##...## ##...##


There were no monsters in sight!

Vanquished Creatures
  An orc priest (D:5)
  2 orc wizards (D:5)
  A gnoll (D:1)
  4 adders
  An ooze (D:3)
  3 dart slugs
  3 giant geckos
  6 orcs
  4 giant cockroaches
  5 goblins
  8 hobgoblins
  3 jackals (D:3)
  9 kobolds
  11 bats
  2 giant newts (D:2)
  7 rats
70 creatures vanquished.

Notes
Turn   | Place    | Note
--------------------------------------------------------------
     0 | D:1      | Crag the Hill Orc Fighter began the quest for the Orb.
     0 | D:1      | Reached XP level 1. HP: 19/19 MP: 1/1
    50 | D:1      | Reached skill level 3 in Axes
   362 | D:1      | Reached XP level 2. HP: 23/26 MP: 2/2
   636 | D:1      | Reached skill level 4 in Axes
   744 | D:1      | Reached XP level 3. HP: 18/31 MP: 3/3
   996 | D:1      | Reached skill level 5 in Axes
  1401 | D:2      | Reached XP level 4. HP: 39/39 MP: 4/4
  1783 | D:2      | Found an oddly glowing altar of Pakellas.
  1988 | D:3      | Reached skill level 6 in Axes
  2303 | D:3      | Found a glowing golden altar of the Shining One.
  2503 | D:3      | Found a shattered altar of Ashenzari.
  2581 | D:4      | Noticed thepunisher's ghost (amateur DECj)
  2589 | D:5      | Entered Level 5 of the Dungeon
  2638 | D:5      | Reached XP level 5. HP: 44/45 MP: 5/5
  2646 | D:5      | Reached skill level 7 in Axes
  2772 | D:5      | Got a tattered robe
  2783 | D:5      | Identified the +2 robe "Atooq" {rF+ Dex+2} (You found it on level 5 of the Dungeon)
  2804 | D:5      | Slain by an orc wizard

Skill      XL: |  1  2  3  4  5 |
---------------+----------------+-----
Axes           | 3 4 5 6 7 |  7.9
Fighting       | |  3.6
Armour         | |  3.2
Shields        | |  3.2

Action                   |  1- 3 |  4- 6 || total
-------------------------+-------+-------++-------
Melee: War axe           |   120 |   108 ||   228
  Eat: Chunk             |     2 |     4 ||     6
Armor: Scale mail        |    55 |    51 ||   106
       Robe              |       |     4 ||     4
Dodge: Dodged            |    53 |    32 ||    85
Block: Shield            |    75 |    56 ||   131
